AoeStats
← Diegoxyz

Hideout

503268920Analyzed
4v4 RM · 1mo ago on Aug 30, 2026· 24m 17s· 8 players
Game mode
Random Map
Map size
Large (8 player)
Population
200
Speed
Normal
Resources
Standard
Victory
Conquest
Starting age
Dark Age
Ending age
Imperial Age
RankedLock teamsTeams togetherTeam positionsShared explorationLock speedFull tech treeHidden civsTurbo modeCheats
Victory
Defeat
🇬🇧 Portuguese · United Kingdom
1470
+15
🇦🇷 Britons · Argentina
1451
+16
🇩🇪 Tatars · Germany
1439
+16
🇨🇳 Franks · China
1405
+18
🇨🇱 Lithuanians · Chile
1514
-19
🇵🇪 Teutons · Peru
1485
-18
🇨🇱 Cumans · Chile
1422
-15
🇦🇷 Koreans · Argentina
1355
-12
CTM | KLIN
5:18 Loom
8:12 Feudal Age
22:29 Double-Bit Axe
22:25 Horse Collar
MatRm10
10:56 Feudal Age
12:39 Loom
17:12 Wheelbarrow
18:35 Town Watch
19:52 Double-Bit Axe
19:50 Horse Collar
24:05 Castle Age
22:37 Fletching
22:58 Gold Mining
Diegoxyz
10:29 Feudal Age
12:21 Double-Bit Axe
15:04 Castle Age
12:52 Horse Collar
14:40 Gold Mining
19:57 Loom
24:15 Wheelbarrow
Thanos 2022
8:22 Feudal Age
8:54 Double-Bit Axe
9:17 Horse Collar
14:10 Loom
20:14 Castle Age
18:26 Gold Mining
19:22 Wheelbarrow
20:10 Bloodlines
20:21 Forging
21:14 Scale Barding Armor
21:48 Bow Saw
21:37 Gold Mining
| ArCas | El BrancaS
6:45 Loom
9:05 Feudal Age
18:28 Fletching
21:18 Double-Bit Axe
23:03 Padded Archer Armor
25:59 Castle Age
Skræling
10:02 Feudal Age
10:07 Man-at-Arms
10:54 Loom
11:12 Double-Bit Axe
11:55 Horse Collar
19:39 Castle Age
19:40 Pikeman
20:22 Scale Mail Armor
21:01 Arson
我爱吃小孩
2:58 Loom
8:52 Feudal Age
9:31 Double-Bit Axe
17:33 Wheelbarrow
18:25 Town Watch
21:20 Castle Age
20:07 Scale Barding Armor
20:13 Forging
20:40 Gold Mining
21:10 Loom
22:40 Chain Barding Armor
22:23 Husbandry
23:11 Bow Saw
24:32 Gold Shaft Mining
Osayi.
9:16 Feudal Age
10:04 Double-Bit Axe
15:51 Scale Barding Armor
18:08 Forging
19:06 Bloodlines
22:55 Wheelbarrow
25:23 Castle Age
23:34 Gold Mining
Connection lost

Rejoining the realm…

Still unreachable

The connection could not be restored.

Session expired

The server has moved on; the page needs a fresh start.